 Dungeon Crawl Stone Soup version 0.30.0-29-ga12c61a403 (webtiles) character file.

Game seed: 17096077477177229089

131 qw the Chopper (level 5, -2/32 HPs)
             Began as a Gargoyle Fighter on June 3, 2023.
             Was an Initiate of Okawaru.
             Killed by nerve-wracking pain
             ... invoked by an orc priest
              (7 damage)
             ... on level 4 of the Dungeon.
             The game lasted 00:01:07 (2463 turns).

qw the Chopper (Gargoyle Fighter)                   Turns: 2463, Time: 00:01:08

Health: -2/32      AC: 12    Str: 27    XL:     5   Next: 14%
Magic:  5/5        EV: 10    Int:  7    God:    Okawaru [......]
Gold:   110        SH:  0    Dex: 13    Spells: 4/4 levels left

rFire   + . .        Y - +1 war axe (freeze)
rCold   . . .        c - +0 buckler
rNeg    + . .        b - +0 scale mail
rPois   inf          m - +0 helmet
rElec   +            (no cloak)
rCorr   .            (no gloves)
SInv    .            (no boots)
Will    .....        (no amulet) Stlth
                     g - ring of protection from fire
HPRegen 0.25/turn    a - +6 ring of strength
MPRegen 0.09/turn

%: no passive effects
@: confused
A: sickness immunity, AC +4, negative energy resistance 1, electricity
resistance, torment resistance 1, petrification resistance, agile 1, sturdy
frame 1
a: Renounce Religion


You were on level 4 of the Dungeon.
You worshipped Okawaru.
Okawaru was noncommittal.
You visited 1 branch of the dungeon, and saw 4 of its levels.

You collected 110 gold pieces.


Innate Abilities, Weirdness & Mutations

You are immune to sickness and miasma.
Your stone body is resilient. (AC +4)
You are immune to poison.
You resist negative energy. (rN+)
You are resistant to electric shocks. (rElec)
You are resistant to unholy torment.
You are immune to petrification.
You are agile. (Dex +4, Str/Int -1)
Your movements are slightly less encumbered by armour. (ER -2)


   Skills:
 - Level 3.2 Fighting
 + Level 4.3 Axes
 - Level 3.2 Armour
 - Level 1.3 Dodging
 - Level 3.2 Shields


You had 4 spell levels left.
You didn't know any spells.
Your spell library was empty.

Inventory:

Hand Weapons
 e - the +3 mace of Haemuqim {heavy, Dex+2 SInv}
   (You found it on level 3 of the Dungeon)

   Dex:       It affects your dexterity (+2).
   SInv:      It lets you see invisible.
 o - a +0 flail
 Y - a +1 war axe of freezing (weapon)
Armour
 b - a +0 scale mail (worn)
 c - a +0 buckler (worn)
 m - a +0 helmet (worn)
Jewellery
 a - a +6 ring of strength (right hand)
 g - a ring of protection from fire (left hand)
Potions
 d - a potion of might
 f - a potion of mutation
 i - a potion of berserk rage {unknown}
 j - a potion of invisibility {unknown}
 k - a potion of curing {unknown}
 n - a potion of attraction {unknown}

Dungeon Overview and Level Annotations

Branches:
Dungeon (4/15)
 Temple: D:4-7

Altars:
Okawaru


Message History

You barely miss the orc. You block the orc's attack.
You slash the orc! You freeze the orc.
You kill the orc!
Okawaru accepts your kill.
You slash the orc! You freeze the orc.
You kill the orc!
Okawaru accepts your kill. The orc priest misses you.
The orc wizard gestures wildly while chanting.
The orc wizard flickers and vanishes!
Deactivating autopickup; reactivate with Ctrl-A.
Things that are here:
a +0 dagger; a +0 dagger; an orc corpse You hit something.
You freeze something. Something hits you but does no damage.
The orc priest miscasts a cantrip.
The orc priest hits you from afar with a +0 trident!
Something hits you. The orc priest barely misses you.
The orc hits you with a +0 heavy mace.
There is an open door here.
You barely miss the orc priest. You barely miss something.
You barely miss the orc. The orc priest barely misses you. Something hits you.
The orc hits you but does no damage.
You slash the orc priest! You freeze the orc priest.
The orc priest is severely wounded.
You closely miss the orc. You barely miss something.
You hear some strange, mumbled words.
You are confused.
The orc priest mumbles some strange prayers to Beogh against you.
Pain shoots through your body!
You hear some strange, mumbled words.
A puff of flame appears from out of thin air!
The puff of flame hits you. You resist. The orc closely misses you.
The orc priest hits you but does no damage.
Something hits you but does no damage.
The orc priest calls down the wrath of Beogh upon you.
Pain shoots through your body!
You die...

#....# #....#
######....#
#.........#
#.........# #
#.........#
.+
#.....oo..#
..# #@###...#
#){....#
#..##### #
#..##..##....
#...<........
#............
+............
#............
#############


You could see an orc priest and an orc.

Vanquished Creatures
  Jessica (D:3)
  Robin (D:3)
  2 adders (D:2)
  A worm (D:2)
  2 dart slugs
  7 orcs
  3 endoplasms
  5 giant cockroaches
  11 goblins
  7 hobgoblins
  3 jackals (D:1)
  A quokka (D:1)
  A ball python (D:1)
  A bat (D:1)
  A frilled lizard (D:2)
  5 kobolds
  5 rats
57 creatures vanquished.

Notes
Turn   | Place    | Note
-------+----------+-------------------------------------------
     0 | D:1      | qw the Gargoyle Fighter began the quest for the Orb.
     0 | D:1      | Reached XP level 1. HP: 14/14 MP: 1/1
     0 | D:1      | 0 ||| qw: Version: 0.2-a-103-g5a998e5
     0 | D:1      | 0 ||| qw: Game counter: 1015
     0 | D:1      | 0 ||| qw: Always use a shield: true
     0 | D:1      | 0 ||| qw: God list: Okawaru
     0 | D:1      | 0 ||| qw: Allow faded altars: false
     0 | D:1      | 0 ||| qw: Do Orc after D:15 true
     0 | D:1      | 0 ||| qw: Do second Lair branch before Depths: true
     0 | D:1      | 0 ||| qw: Lair rune preference: random
     0 | D:1      | 0 ||| qw: Plans: Normal, Zot:1-4, Slime:5, God:TSO, Crypt,
                  | Tomb, Pan, Hells, Abyss, Win
     0 | D:1      | 0 ||| PLANNING D:1-11
   213 | D:1      | Reached skill level 2 in Axes
   301 | D:1      | Reached XP level 2. HP: 16/19 MP: 2/2
   391 | D:1      | 391 ||| Stepping ~*~*~tactically~*~*~ (stealth).
   542 | D:1      | Reached skill level 3 in Axes
   546 | D:1      | Reached XP level 3. HP: 22/23 MP: 3/3
   760 | D:1      | 760 ||| UPGRADING to +0 helmet.
   765 | D:1      | 765 ||| UPGRADING to ring of protection from fire.
   766 | D:1      | 766 ||| READING scroll labelled DUOSCHU TEGYRIY.
   767 | D:1      | 767 ||| READING scroll labelled DITAXT KONOAZI.
   772 | D:1      | 772 ||| READING 3 scrolls labelled YLOEHA XAAH.
   773 | D:1      | 773 ||| READING scroll labelled BIOSIU TUBIFUS.
   774 | D:1      | 774 ||| DROPPING 2 scrolls of immolation.
  1108 | D:2      | 1108 ||| Stepping ~*~*~tactically~*~*~ (stealth).
  1216 | D:2      | Reached XP level 4. HP: 24/28 MP: 4/4
  1476 | D:2      | 1476 ||| UPGRADING to +6 ring of strength.
  1477 | D:2      | 1477 ||| READING scroll labelled ZEGUHO MEJU.
  1478 | D:2      | 1478 ||| READING scroll labelled MIHUMNYGACH.
  1479 | D:2      | 1479 ||| READING 2 scrolls labelled IKIGGEG COAST.
  1480 | D:2      | 1480 ||| DRINKING 2 murky purple potions.
  1480 | D:2      | Gained mutation: Your movements are slightly less
                  | encumbered by armour. (ER -2) [potion of mutation]
  1480 | D:2      | Gained mutation: You are agile. (Dex +4, Str/Int -1)
                  | [potion of mutation]
  1481 | D:2      | 1481 ||| DROPPING scroll of summoning.
  1510 | D:3      | Found an iron altar of Okawaru.
  1511 | D:3      | 1511 ||| PLANNING OKAWARU WORSHIP
  1513 | D:3      | Became a worshipper of Warmaster Okawaru
  1513 | D:3      | 1513 ||| PLANNING D:1-11
  1746 | D:3      | Reached skill level 4 in Axes
  1780 | D:3      | Found a faded altar of an unknown god.
  1781 | D:3      | 1781 ||| DROPPING +0 mace.
  1913 | D:3      | Identified the +3 mace of Haemuqim {heavy, Dex+2 SInv}
  2003 | D:3      | Noticed Jessica
  2004 | D:3      | 2004 ||| Stepping ~*~*~tactically~*~*~ (hiding).
  2009 | D:3      | 2009 ||| Stepping ~*~*~tactically~*~*~ (hiding).
  2010 | D:3      | 2010 ||| Stepping ~*~*~tactically~*~*~ (hiding).
  2012 | D:3      | 2012 ||| Stepping ~*~*~tactically~*~*~ (hiding).
  2017 | D:3      | 2017 ||| Stepping ~*~*~tactically~*~*~ (hiding).
  2019 | D:3      | 2019 ||| Stepping ~*~*~tactically~*~*~ (hiding).
  2022 | D:3      | Killed Jessica
  2023 | D:3      | Reached skill level 1 in Dodging
  2113 | D:3      | Noticed Robin
  2124 | D:3      | Killed Robin
  2125 | D:3      | Reached XP level 5. HP: 24/32 MP: 5/5
  2408 | D:3      | 2408 ||| DROPPING +6 ring of intelligence.
  2409 | D:3      | 2409 ||| READING 2 scrolls labelled TOATTO JICIJ.
  2410 | D:3      | 2410 ||| READING scroll of brand weapon.
  2410 | D:3      | 2410 ||| BRANDING +1 war axe of venom.
  2441 | D:4      | 2441 ||| PLANNING SEWER
  2449 | D:4      | 2449 ||| Stepping ~*~*~tactically~*~*~ (stealth).
  2461 | D:4      | HP: 8/32 [orc priest/nerve-wracking pain (4)]
  2463 | D:4      | Killed from afar by an orc priest

Levels and vault maps discovered:
D:1:      tarquinn_simple_flora_water_b, layout_loops_ring,
          minmay_worlds_worst_comb
D:2:      layout_loops_ring
D:3:      layout_loops_ring, lemuel_doored_altar,
          dreamdust_ecumenical_altar_angels_and_demons, minivault_25,
          uniq_robin, uniq_jessica
D:4:      layout_gridville, portal_sewer_entry_b, serial_bayou_pond_d,
          minmay_fire_ice_demons, uniq_menkaure

Skill      XL: |  1  2  3  4 |
---------------+-------------+-----
Axes           | 2 3 4 |  4.3
Dodging        | 1 |  1.3
Fighting       | |  3.2
Armour         | |  3.2
Shields        | |  3.2

Action                     |  1- 3 |  4- 6 || total
---------------------------+-------+-------++-------
  Melee: War axe           |    91 |    52 ||   143
  Throw: Boomerang         |       |     2 ||     2
    Use: Scroll            |     4 |     5 ||     9
         Potion            |       |     1 ||     1
 Armour: Scale mail        |    43 |    20 ||    63
  Dodge: Dodged            |    34 |    22 ||    56
  Block: Buckler           |    13 |     7 ||    20

Table legend:
 A = Non-vault XP
 B = Vault XP
 C = Vault XP percentage of total XP
 D = Non-vault monster count
 E = Vault monster count
 F = Vault count percentage of total count
                 A         B        C        D         E       F
            +---------+---------+-------+---------+---------+-------
      Total |     119 |      69 |  36.7 |      47 |      10 |  17.5
            +---------+---------+-------+---------+---------+-------
        D:1 |      31 |       4 |  11.4 |      16 |       2 |  11.1
        D:2 |      47 |       0 |   0.0 |      13 |       0 |   0.0
        D:3 |      33 |      65 |  66.3 |      15 |       8 |  34.8
        D:4 |       8 |       0 |   0.0 |       3 |       0 |   0.0
            +---------+---------+-------+---------+---------+-------
